 Seeded DCSS version 0.30.1-11-g7821555f0a (webtiles) character file.

Game seed: 6351066067085065685 (custom seed)

29 Esekla the Magician (level 3, 0/19 HPs)
             Began as a Deep Elf Wanderer on Nov 4, 2023.
             Was an Initiate of Vehumet.
             Slain by a goblin
             ... wielding a +0 club
              (2 damage)
             ... on level 1 of the Dungeon.
             The game lasted 00:08:34 (1362 turns).

Esekla the Magician (Deep Elf Wanderer)             Turns: 1362, Time: 00:08:34

Health: 0/19       AC:  4    Str: 11    XL:     3   Next: 1%
Magic:  11/11      EV: 11    Int: 19    God:    Vehumet [......]
Gold:   147        SH:  4    Dex: 14    Spells: 8/12 levels left

rFire   . . .        s - +5 rapier of the Hero {heavy, rN+ Dex+3}
rCold   . . .        d - +0 buckler
rNeg    + . .        c - +0 robe
rPois   .            l - +0 helmet
rElec   .            (no cloak)
rCorr   .            k - +0 pair of gloves
SInv    .            (no boots)
Will    .....        (no amulet)
Stlth   ++           (no ring)
HPRegen 0.23/turn    (no ring)
MPRegen 0.12/turn

%: no passive effects
@: no status effects
A: no striking features
a: Renounce Religion


You were on level 1 of the Dungeon.
You worshipped Vehumet.
Vehumet was noncommittal.
You visited 1 branch of the dungeon, and saw 4 of its levels.

You collected 147 gold pieces.

Inventory:

Hand Weapons
 a - a +1 short sword of freezing
 s - the +5 rapier of the Hero (weapon) {heavy, rN+ Dex+3}
   (You found it on level 3 of the Dungeon)

   Dex:       It affects your dexterity (+3).
   rN:        It protects you from negative energy.
Armour
 c - a +0 robe (worn)
 d - a +0 buckler (worn)
 k - a +0 pair of gloves (worn)
 l - a +0 helmet (worn)
Wands
 r - a wand of roots (8)
Scrolls
 g - 2 scrolls of identify {unknown}
 n - 2 scrolls of enchant weapon {unknown}
 o - a scroll of amnesia {unknown}
 p - a scroll of enchant armour {unknown}
 q - a scroll of immolation {unknown}
 t - a scroll of blinking {unknown}
Potions
 b - a potion of lignification
 e - a potion of ambrosia {unknown}
 f - 2 potions of attraction {unknown}
 h - a potion of heal wounds {unknown}
 i - 2 potions of curing {unknown}
 j - a potion of haste {unknown}
 m - a potion of mutation {unknown}


   Skills:
 + Level 0.3 Short Blades
 * Level 0.7 Dodging
 + Level 1.2 Stealth
 + Level 1.6 Shields
 * Level 5.0 Spellcasting
 * Level 0.2 Necromancy
 + Level 3.0 Translocations
 + Level 1.0 Invocations


You had 8 spell levels left.
You knew the following spells:

 Your Spells              Type           Power      Damage    Failure   Level
a - Magic Dart            Conj           16%        1d3       19%         1
b - Blink                 Tloc           32%        N/A       8%          2
p - Apportation           Tloc           32%        N/A       5%          1

Your spell library contained the following spells:

 Spells                   Type           Power      Damage    Failure   Level
 Lesser Beckoning         Tloc           32%        N/A       8%          2
 Vampiric Draining        Necr           5%         2d6       43%         3
 Ignite Poison            Fire/Tmut/Pois 4%         N/A       47%         3


Dungeon Overview and Level Annotations

Branches:
Dungeon (4/15)
 Temple: D:4-7

Altars:
Okawaru
Vehumet
Zin

Shops:
D:2 =   D:4 (


Message History

You barely miss the ball python.
The ball python bites you but does no damage.
The ball python completely misses you. The ball python barely misses you. x2
You block the ball python's attack. The ball python closely misses you.
You closely miss the ball python. The ball python closely misses you.
You block the ball python's attack. x2; The ball python grabs you.
The ball python constricts you.
You hit the ball python.
You kill the ball python!
Vehumet accepts your kill. The endoplasm freezes you.
You are frozen.
You hit the endoplasm.
The endoplasm is almost dead.
The endoplasm hits you. The endoplasm barely misses you.
You hit the endoplasm but do no damage.
The endoplasm is almost dead.
You block the endoplasm's attack. The endoplasm closely misses you.
You barely miss the endoplasm.
The endoplasm is almost dead.
The endoplasm hits you but does no damage.
The endoplasm barely misses you.
You barely miss the endoplasm.
The endoplasm is almost dead.
The endoplasm jiggles.
The endoplasm freezes you.
You are frozen.
The endoplasm hits you but does no damage.
You puncture the endoplasm!
You kill the endoplasm!
Vehumet accepts your kill.
You have reached level 3!
Your experience leads to an increase in your attributes!
Your base attributes are Str 11, Int 17, Dex 11.
Increase (S)trength, (I)ntelligence, or (D)exterity?
You feel clever. x2
You miss the goblin. The goblin hits you with a +0 club. x2
* * * LOW HITPOINT WARNING * * *
You miss the goblin. The goblin hits you with a +0 club.
You die...

#..##.<'.### #.#
##)####### .. #.#
######## #.. #.# #...#
#.# #.# ####..#
#..###.# ......##
#...#.# #....## #...#
..###.....###
#####..###
..........g@#
#......... ####...#####
#......... ##..#
#......... #..#
####+###.####.### #..#
#........ #.###
#.g####......# #....
#..#.....##..########..
#........#............#
...........#.##########


You could see a goblin.

Vanquished Creatures
  An adder (D:2)
  A dart slug (D:3)
  2 endoplasms
  3 goblins
  2 hobgoblins (D:3)
  2 ball pythons
  3 bats
  2 frilled lizards
  3 kobolds
19 creatures vanquished.

Notes
Turn   | Place    | Note
-------+----------+-------------------------------------------
     0 | D:1      | Esekla the Deep Elf Wanderer began the quest for the Orb.
     0 | D:1      | Esekla set off with the following items: a +0 club, a
                  | potion of lignification, a +0 robe, a +0 buckler; and the
                  | following spells available to memorise: Apportation, Blink,
                  | Lesser Beckoning, Magic Dart, Ignite Poison, Vampiric
                  | Draining.
     0 | D:1      | Reached XP level 1. HP: 10/10 MP: 7/7
     2 | D:1      | Learned a level 1 spell: Magic Dart
     4 | D:1      | Learned a level 1 spell: Apportation
   273 | D:2      | Found Renulab's Jewellery Shop.
   569 | D:4      | Found a radiant altar of Vehumet.
   573 | D:4      | Became a worshipper of Vehumet
   587 | D:4      | Found an iron altar of Okawaru.
   598 | D:4      | Found a glowing silver altar of Zin.
   693 | D:4      | Found Ponaysk's Antique Weapon Boutique.
   916 | D:3      | Reached XP level 2. HP: 15/15 MP: 7/9
   919 | D:3      | Learned a level 2 spell: Blink
   978 | D:3      | Reached skill level 5 in Spellcasting
  1186 | D:3      | Identified the +5 rapier of the Hero {heavy, rN+ Dex+3}
  1361 | D:1      | Reached XP level 3. HP: 9/19 MP: 11/11
  1362 | D:1      | Slain by a goblin

Illustrated notes

Levels and vault maps discovered:
D:1:      sevenhm_arrival_forest_fort_small_3, layout_rooms,
          chequers_serial_rivers_room_b, minmay_misc_feat_five
D:2:      layout_loops_ring, dreamdust_ecumenical_altar_angels_and_demons,
          serial_shops, shop
D:3:      layout_basic, grunt_temple_overflow_open, minmay_misc_feat_iff
D:4:      layout_basic, nicolae_overflow_quartered_altars, serial_shops,
          nicolae_diamond_shop

Skill      XL: |  1  2 |
---------------+-------+-----
Spellcasting   | 5 |  5.0
Translocations | 3 |  3.0
Short Blades   | |  0.3
Dodging        | |  0.7
Stealth        | |  1.2
Shields        | |  1.6
Necromancy     | |  0.2
Invocations    | |  1.0

Action                     || total
---------------------------++-------
  Melee: Short sword       ||    24
         Rapier            ||    17
   Cast: Apportation       ||    26
         Magic Dart        ||    21
    Use: Scroll            ||     1
 Armour: Robe              ||    18
  Dodge: Dodged            ||    30
  Block: Buckler           ||     7
